 Dungeon Crawl Stone Soup version 0.16.1-51-g6203257 (webtiles) character file.

1047 Jb9000 the Sneak (level 8, -1/49 HPs)
             Began as a Gargoyle Fighter on July 3, 2015.
             Was a Believer of Okawaru.
             Incinerated by kae's ghost (3 damage)
             ... with a sticky flame
             ... on level 5 of the Dungeon.
             The game lasted 00:33:45 (5019 turns).

Jb9000 the Sneak (Gargoyle Fighter)                 Turns: 5019, Time: 00:33:45

Health: -1/49      AC: 13    Str: 21    XL:     8   Next: 25%
Magic:  13/13      EV:  9    Int:  9    God:    Okawaru [**....]
Gold:   160        SH: 10    Dex: 10    Spells: 0 memorised, 7 levels left

rFire  . . .     SeeInvis .     t - +2 hand axe (chop)
rCold  . . .     Clarity  +     b - +0 scale mail
rNeg   + . .     SustAb   .     c - +0 shield
rPois  ∞         Gourm    .     g - +0 helmet
rElec  +         Spirit   .     n - +0 cloak {MR+}
rCorr  .         Warding  .     v - +0 pair of gloves
rMut   .         Stasis   .     (no boots)
MR     +....                    (no amulet)
Stlth  +.........               (no ring)
                                (no ring)

@: liquid flames, about to teleport, very slightly contaminated, hasted,
glowing, very quick, somewhat resistant to hostile enchantments, very unstealthy
A: hooves 1, repulsion field 1, clarity, deformed body, negative energy
resistance 1, electricity resistance, unbreathing, petrification resistance, rot
immunity, AC +5
a: Heroism, Renounce Religion


You were on level 5 of the Dungeon.
You worshipped Okawaru.
Okawaru was pleased with you.
You were not hungry.

You visited 1 branch of the dungeon, and saw 5 of its levels.

You collected 215 gold pieces.
You spent 55 gold pieces at shops.

Inventory:

Hand weapons
 a - a +0 flail
 h - a +2 spear of freezing
 i - a +4 quarterstaff of chaos
 j - a +0 hand axe of flaming
 m - a +4 scythe of freezing
 t - a +2 hand axe of chopping (weapon)
Missiles
 o - 14 bolts
 y - 17 bolts of frost
Armour
 b - a +0 scale mail (worn)
 c - a +0 shield (worn)
 g - a +0 helmet (worn)
 k - a +0 chain mail
 n - a +0 cloak of magic resistance (worn)
 v - a +0 pair of gloves (worn)
Magical staves
 u - an uncursed staff of conjuration
Magical devices
 d - a wand of flame (27)
 e - a wand of slowing (0)
 r - a wand of hasting (1)
Scrolls
 s - a scroll of teleportation
 A - a scroll of amnesia
Books
 B - a book of Callings

   Spells                             Type                      Level
   a - Summon Small Mammal            Summoning                    1
   b - Call Imp                       Summoning                    2
   c - Call Canine Familiar           Summoning                    3
   d - Summon Guardian Golem          Hexes/Summoning              4
   e - Summon Lightning Spire         Summoning/Air                4
   f - Summon Ice Beast               Ice/Summoning                4
Comestibles
 f - a meat ration
 q - 3 chunks of flesh


   Skills:
 + Level 5.0 Fighting
 * Level 3.3(3.7) Axes
 - Level 2.1(3.2) Maces & Flails
 - Level 1.2(2.4) Polearms
 + Level 0.8 Throwing
 + Level 4.6 Armour
 * Level 5.3 Stealth
 + Level 5.0 Shields
 + Level 0.8 Unarmed Combat
 + Level 3.2 Invocations


You had 7 spell levels left.
You didn't know any spells.

Dungeon Overview and Level Annotations

Branches:
Dungeon (5/15)
 Temple: D:4-7

Altars:
Okawaru
Qazlal
Sif Muna
Vehumet
The Shining One

Shops:
D:4 %

Annotations:
D:5 kae's ghost, experienced TeFE


Innate Abilities, Weirdness & Mutations

You are resistant to torment.
You are immune to poison.
Your stone body is very resilient (AC +5).
You resist negative energy.
You are resistant to electric shocks.
You can survive without breathing.
You are immune to petrification.
You are immune to rotting.
You have large cloven feet.
You are surrounded by a mild repulsion field (EV +2).
You possess an exceptional clarity of mind.
Armour fits poorly on your strangely shaped body.


Message History

Kae's ghost is heavily damaged.
You are covered in liquid flames!
Drink which item? (? for menu, Esc to quit)
You feel better.
You are covered in liquid flames!
Kae's ghost hits you but does no damage.
Read which item? (? for menu, Esc to quit)
As you read the scroll of teleportation, it crumbles to dust.
You feel strangely unstable.
You are covered in liquid flames!
* * * LOW HITPOINT WARNING * * *
Kae's ghost points at you and mumbles some strange words.
The flame tongue hits you!
* * * LOW HITPOINT WARNING * * *
You are covered in liquid flames!
* * * LOW HITPOINT WARNING * * *
Drink which item? (? for menu, Esc to quit)
You feel refreshed.
You are covered in liquid flames!
You die...

#.............)))####.###
#..............#..##<...#
#....^..^.^^^..#........#
##..^......(..###.......#
#........(...# #.....).#
##..........## #.......#
##......W(## #.)......#
###^....#####...###...#
####..@......## #(..#
########..# #.. #.. . #..


You could see kae's ghost.

Vanquished Creatures
  2 ogres (D:4)
  Sigmund (D:3)
  Blork the orc (D:4)
  A giant frog (D:5)
  A scorpion (D:4)
  An iguana (D:4)
  3 orc priests (D:4)
  A centaur skeleton (D:5)
  A jelly (D:5)
  8 orc wizards
  Crazy Yiuf (D:4)
  Ijyb (D:4)
  3 gnolls (D:4)
  6 adders
  A worm (D:5)
  A giant gecko (D:4)
  An ooze (D:3)
  20 orcs
  A ball python (D:3)
  3 giant cockroaches
  9 goblins
  7 hobgoblins
  2 jackals (D:4)
  4 kobolds
  2 quokkas (D:4)
  A ball python skeleton (D:4)
  6 bats
  2 giant newts
  15 rats
106 creatures vanquished.

Notes
Turn   | Place    | Note
--------------------------------------------------------------
     0 | D:1      | Jb9000, the Gargoyle Fighter, began the quest for the Orb.
     0 | D:1      | Reached XP level 1. HP: 14/14 MP: 1/1
   245 | D:1      | Found an iron altar of Okawaru.
   258 | D:1      | Became a worshipper of Warmaster Okawaru
   392 | D:1      | Reached XP level 2. HP: 19/19 MP: 2/2
   830 | D:2      | Found a stormy altar of Qazlal.
  1070 | D:2      | Reached XP level 3. HP: 21/23 MP: 3/3
  1436 | D:3      | Reached skill level 1 in Polearms
  1624 | D:3      | Reached skill level 1 in Stealth
  1879 | D:3      | Reached skill level 1 in Invocations
  1879 | D:3      | Reached XP level 4. HP: 26/29 MP: 4/4
  1915 | D:3      | Noticed Sigmund
  1917 | D:3      | Gained mutation: You possess an exceptional clarity of mind. [potion of mutation]
  1917 | D:3      | Gained mutation: Armour fits poorly on your strangely shaped body. [potion of mutation]
  1917 | D:3      | Gained mutation: You evolve. [potion of mutation]
  1921 | D:3      | Gained mutation: You are surrounded by a mild repulsion field (EV +2). [potion of mutation]
  1933 | D:3      | Killed Sigmund
  1933 | D:3      | Reached skill level 1 in Axes
  1933 | D:3      | Reached XP level 5. HP: 14/33 MP: 6/6
  2169 | D:3      | Reached skill level 4 in Fighting
  2207 | D:3      | Gained mutation: You have large cloven feet. [evolution]
  2207 | D:3      | Lost mutation: You evolve. [end of evolution]
  2853 | D:4      | Noticed Crazy Yiuf
  2862 | D:4      | Killed Crazy Yiuf
  2902 | D:4      | Noticed an ogre
  2907 | D:4      | Killed an ogre
  2907 | D:4      | Reached XP level 6. HP: 10/38 MP: 7/7
  3155 | D:4      | Noticed Blork the orc
  3177 | D:4      | Killed Blork the orc
  3177 | D:4      | Acquired Okawaru's first power
  3382 | D:4      | Noticed an ogre
  3393 | D:4      | Killed an ogre
  3393 | D:4      | Reached XP level 7. HP: 25/44 MP: 9/9
  3742 | D:4      | Found Schokhy's Food Shoppe.
  4056 | D:4      | Bought a meat ration for 55 gold pieces
  4297 | D:4      | Found a deep blue altar of Sif Muna.
  4492 | D:4      | Found a glowing golden altar of the Shining One.
  4493 | D:4      | Found a radiant altar of Vehumet.
  4541 | D:4      | Noticed Ijyb
  4558 | D:4      | Killed Ijyb
  4620 | D:4      | Reached skill level 5 in Stealth
  4620 | D:4      | Reached XP level 8. HP: 37/48 MP: 12/12
  4853 | D:5      | Entered Level 5 of the Dungeon
  4877 | D:5      | Reached skill level 5 in Fighting
  4877 | D:5      | Reached skill level 5 in Shields
  4997 | D:5      | Noticed kae's ghost (experienced TeFE)
  5018 | D:5      | HP: 1/49 [burnt (3)]
  5019 | D:5      | Incinerated by kae's ghost

Action                   |  1- 3 |  4- 6 |  7- 9 || total
-------------------------+-------+-------+-------++-------
Melee: Spear             |   124 |       |       ||   124
       Flail             |     6 |       |       ||     6
       Hand axe          |       |    81 |   195 ||   276
Throw: Throwing net      |       |     2 |     1 ||     3
       Tomahawk          |       |       |    10 ||    10
Evoke: Wand              |       |    10 |     5 ||    15
  Use: Scroll            |     7 |     2 |     4 ||    13
       Potion            |       |    10 |     2 ||    12
  Eat: Bread ration      |     1 |       |     1 ||     2
       Chunk             |       |     4 |     3 ||     7
